 Dungeon Crawl Stone Soup version 0.14-a0-1863-gcc20582 (webtiles) character file.

1006 jaded the Poker (level 7, 0/53 HPs)
             Began as a Mummy Gladiator on Jan 12, 2014.
             Slain by a centaur (7 damage)
             ... on Level 5 of the Dungeon on Jan 14, 2014.
             The game lasted 00:30:06 (6240 turns).

jaded the Poker (Mummy Gladiator)                   Turns: 6240, Time: 00:30:06

HP   0/53        AC 11     Str 18      XL: 7   Next: 47%
MP   7/7         EV 10     Int  7      God:
Gold 263         SH  0     Dex 14      Spells:  0 memorised,  6 levels left

rFire  x . .     SeeInvis .     a - +0 trident
rCold  + . .     Clarity  .     j - +2 ring mail
rNeg   + + +     Conserve .     (no shield)
rPois  +         rCorr    .     l - +0 dwarf helmet
rElec  .         rRot     +     n - +0 cloak
SustAb . .       Spirit   .     (no gloves)
rMut   .         Warding  .     x - +0 pair of boots
Saprov . . .     Stasis   .     (no amulet)
MR     .....                    (no ring)
                                (no ring)

@: not resistant to hostile enchantments, very unstealthy
A: no food or potions, fire vulnerability, restore body, cold resistance 1, life
protection 3, poison resistance, torment resistance, unbreathing
a: no special abilities


You were on level 5 of the Dungeon.
You were not hungry.

You visited 1 branch of the dungeon, and saw 6 of its levels.

You collected 263 gold pieces.

Inventory:

Hand weapons
 a - a +0,+0 trident (weapon)
 v - a +1,+0 elven dagger
 y - a -1,+0 orcish hand axe
Missiles
 d - 3 throwing nets (quivered)
 w - 5 javelins
Armour
 b - a +0 leather armour
 c - a +0 helmet
 f - a +0 buckler
 j - a +2 ring mail (worn)
 l - a +0 dwarven helmet (worn)
 m - a +0 cloak
 n - a +0 cloak (worn)
 x - a +0 pair of boots (worn)
Magical devices
 r - a wand of enslavement (13)
Scrolls
 g - a scroll of enchant armour {unknown}
 h - a scroll of blinking {unknown}
 i - 4 scrolls of remove curse
 k - a scroll of random uselessness {unknown}
 o - 2 scrolls of recharging {unknown}
 p - 5 scrolls of magic mapping {unknown}
 q - 3 scrolls of enchant weapon I
 s - a scroll of amnesia {unknown}
 t - a scroll of fear
 u - 2 scrolls of identify
 z - a scroll of fog {unknown}
Jewellery
 e - a +4 ring of evasion {unknown}


   Skills:
 + Level 3.9 Fighting
 + Level 5.5 Polearms
 + Level 1.5 Throwing
 + Level 3.6 Armour
 - Level 2.4 Dodging


You had 6 spell levels left.
You didn't know any spells.

Dungeon Overview and Level Annotations

Branches:
Dungeon (6/16)             Temple (0/1) D:4

Altars:
Ashenzari
Fedhas

Shops:
D:5 [


Innate Abilities, Weirdness & Mutations

You do not eat or drink.
Your flesh is vulnerable to fire.
Your flesh is cold resistant.
You are immune to negative energy.
Your system is resistant to poisons.
You are immune to unholy pain and torment.
You can survive without breathing.


Message History

The centaur unwields an uncursed bow.
The centaur hits you.
* * * LOW HITPOINT WARNING * * *
You hit the centaur.
The centaur is moderately wounded.
The centaur hits you but does no damage.
The centaur barely misses you.
You hit the centaur.
The centaur is heavily wounded.
The centaur hits you but does no damage.
You hit the centaur.
The centaur is severely wounded.
The centaur misses you. The centaur hits you!
* * * LOW HITPOINT WARNING * * *
You hit the centaur.
The centaur is almost dead.
The centaur hits you but does no damage.
You hit the centaur but do no damage.
The centaur is almost dead.
The centaur hits you!
You die...

########
#.(....#
#.#(...#
###c#....#
#(@.##c###
#......>#
#..###....#
#..# ##.#.#
#... ..#...
##.## #.#
#.# ... #.8
∩.. #.. #.#
# #.. !..


You could see a centaur.

Vanquished Creatures
  An ogre (D:3)
  An ice beast (D:5)
  A centaur (D:3)
  A giant frog (D:6)
  An orc priest (D:4)
  A hound (D:4)
  4 orc wizards
  An iguana (D:5)
  5 worker ants
  5 adders
  2 giant mites
  A worm (D:4)
  An adder skeleton (D:4)
  A giant eyeball (D:5)
  13 orcs
  A ball python (D:1)
  14 bats
  A bat skeleton (D:4)
  3 giant cockroaches
  8 goblins
  10 hobgoblins
  4 jackals
  5 kobolds
  4 quokkas
  4 giant geckos (D:2)
  6 giant newts
  A giant newt skeleton (D:4)
  A hobgoblin skeleton (D:4)
  10 rats
  A rat zombie (D:5)
112 creatures vanquished.

Notes
Turn   | Place    | Note
--------------------------------------------------------------
     0 | D:1      | jaded, the Mummy Gladiator, began the quest for the Orb.
     0 | D:1      | Reached XP level 1. HP: 16/16 MP: 1/1
   212 | D:1      | Reached XP level 2. HP: 19/22 MP: 2/2
   409 | D:1      | Reached skill level 3 in Polearms
  1133 | D:2      | Reached XP level 3. HP: 24/27 MP: 3/3
  1686 | D:2      | Reached skill level 1 in Armour
  1932 | D:2      | Reached XP level 4. HP: 32/34 MP: 4/4
  2328 | D:3      | Found a blossoming altar of Fedhas.
  2328 | D:3      | Noticed a centaur
  2391 | D:3      | Killed a centaur
  2391 | D:3      | Reached skill level 4 in Polearms
  2391 | D:3      | Reached XP level 5. HP: 3/40 MP: 5/5
  3018 | D:3      | Upgraded the game from 0.14-a0-1844-g8283a67 to 0.14-a0-1863-gcc20582
  3129 | D:4      | Found a shattered altar of Ashenzari.
  3536 | D:4      | Noticed an ogre
  3561 | D:4      | Found a staircase to the Ecumenical Temple.
  3620 | D:3      | an ogre (ally) was killed
  3630 | D:3      | Reached XP level 6. HP: 24/47 MP: 6/6
  4217 | D:5      | Entered Level 5 of the Dungeon
  4885 | D:4      | Reached skill level 5 in Polearms
  5217 | D:4      | Reached XP level 7. HP: 30/52 MP: 7/7
  5490 | D:5      | Paralysed by a giant eyeball for 4 turns
  5513 | D:5      | Paralysed by a giant eyeball for 4 turns
  6217 | D:5      | Found Foletzapt's Armour Shoppe.
  6240 | D:5      | Slain by a centaur

Action                   |  1- 3 |  4- 6 |  7- 9 || total
-------------------------+-------+-------+-------++-------
Melee: Trident           |   176 |   293 |    94 ||   563
Evoke: Wand              |       |     2 |       ||     2
  Use: Scroll            |       |     4 |     1 ||     5
